 Dungeon Sprint DCSS version 0.28-a0-1236-gb25a51b929 (webtiles) character file.

Game seed: 9036512575122662702

9 rocky1 the Shooter (level 2, -14/34 HPs)
             Began as a Human Hunter on Dec 26, 2021.
             Was an Initiate of Okawaru.
             Demolished by Menkaure (22 damage)
             ... in the Dungeon (Sprint VII: "The Pits").
             The game lasted 00:01:41 (312 turns).

rocky1 the Shooter (Human Hunter)                    Turns: 312, Time: 00:01:41

Health: -14/34     AC:  3    Str: 12    XL:     2   Next: 25%
Magic:  2/2        EV: 12    Int: 11    God:    Okawaru [......]
Gold:   0          SH:  0    Dex: 13    Spells: 1/1 levels left

rFire   . . .      SeeInvis .   a - +2 hand axe
rCold   . . .      Faith    .   (no shield)
rNeg    . . .      Spirit   .   c - +0 leather armour
rPois   .          Reflect  .   (no helmet)
rElec   .          Harm     .   (no cloak)
rCorr   .          Rampage  .   (no gloves)
Will    .....      NoTele   +   (no boots)
Stlth   ..........              (no amulet)
HPRegen 0.11/turn               (no ring)
MPRegen 0.08/turn               (no ring)

@: berserking, very quick
A: no striking features
a: Renounce Religion


You were in the Dungeon.
You worshipped Okawaru.
Okawaru was noncommittal.
You visited 1 branch

Inventory:

Hand Weapons
 a - a +2 hand axe (weapon)
 b - a +1 shortbow
 n - a +0 short sword
Missiles
 d - 14 arrows
Armour
 c - a +0 leather armour (worn)
Scrolls
 j - a scroll of blinking
 l - 5 scrolls of amnesia
 m - a scroll of summoning
Potions
 e - a potion of curing
 f - a potion of heal wounds
 g - a potion of haste
 h - 4 potions of magic
 i - 2 potions of berserk rage
 k - 2 potions of invisibility


   Skills:
 + Level 2.5 Fighting
 + Level 1.3 Axes
 + Level 4.7 Bows
 + Level 2.5 Dodging
 + Level 1.9 Stealth


You had one spell level left.
You didn't know any spells.
Your spell library was empty.

Dungeon Overview and Level Annotations

Branches:
Dungeon (1/1)

Altars:
Ashenzari
Cheibriados
Dithmenos
Elyvilon
Fedhas
Gozag
Hepliaklqana
Kikubaaqudgha
Makhleb
Nemelex Xobeh
Okawaru
Qazlal
Ru
Sif Muna
Trog
Uskayaw
Vehumet
Wu Jian
Xom
Yredelemnul
Zin
The Shining One
Beogh
Jiyva
Lugonu

Annotations:
D Menkaure


Message History

a +0 club; a goblin corpse
d - 17 arrows (gained 1)
d - 18 arrows (gained 1)
You open the door.
Menkaure, Prince of Dust comes into view.
You shoot an arrow.
The arrow hits Menkaure but does no damage.
Menkaure gestures at you while chanting.
Pain shoots through your body!
Ouch! That really hurt!
You hear a shout!
Unknown command.
You are too injured to fight recklessly!
Fire: 17 arrows
Press: ? - help, Q - select action Shift-Dir - straight line, f/p - Menkaure
Aim: Menkaure (76% to hit)
You shoot an arrow. The arrow barely misses Menkaure.
You hear an angry hiss.
Fire: 16 arrows
Press: ? - help, Q - select action Shift-Dir - straight line, f/p - Menkaure
Aim: Menkaure (76% to hit)
You shoot an arrow. The arrow barely misses Menkaure.
Fire: 15 arrows
Press: ? - help, Q - select action Shift-Dir - straight line, f/p - Menkaure
Aim: Menkaure (76% to hit)
You shoot an arrow. The arrow barely misses Menkaure.
A river rat comes into view.
A goblin comes into view. It is wielding a +0 dagger.
a - a +2 hand axe (weapon)
Menkaure barely misses you.
A red film seems to cover your vision as you go berserk!
You feel yourself moving faster!
You feel mighty! Menkaure hits you!
* * * LOW HITPOINT WARNING * * *
You slash Menkaure!
Menkaure is severely damaged.
You slash Menkaure!
Menkaure is almost destroyed.
Menkaure hits you!!
Ouch! That really hurt!
You die...

#_________.#
#_______...##########
##########'##........
#.?(.')))'.##......#.
##########.##........
#...........'........
#+#####'#####......#.
#..#..#..##........
#.@)..'..#####'####
##M####+###.......#


.gr #.......# #..(( #.......# #####+ #...<...# #.......# #.......# #.......#
######### You could see Menkaure, a river rat and a goblin.

Vanquished Creatures
  A bat (D)
  A goblin (D)
  A hobgoblin (D)
  3 jackals (D)
  A giant cockroach zombie (D)
  A rat (D)
8 creatures vanquished.

Notes
Turn   | Place    | Note
-------+----------+-------------------------------------------
     0 | D        | rocky1 the Human Hunter began the quest for the Orb.
     0 | D        | Reached XP level 1. HP: 16/16 MP: 1/1
    19 | D        | Found a bloodstained altar of Trog.
    19 | D        | Found a shimmering blue altar of Sif Muna.
    19 | D        | Found a viscous altar of Jiyva.
    19 | D        | Found a hazy altar of Hepliaklqana.
    19 | D        | Found an opulent altar of Gozag.
    50 | D        | Found a glowing golden altar of the Shining One.
    50 | D        | Found a glowing silver altar of Zin.
    50 | D        | Found a basalt altar of Yredelemnul.
    50 | D        | Found a shimmering altar of Xom.
    50 | D        | Found an ornate altar of the Wu Jian Council.
    50 | D        | Found a sacrificial altar of Ru.
    50 | D        | Found a stormy altar of Qazlal.
    50 | D        | Found an iron altar of Okawaru.
    50 | D        | Found a sparkling altar of Nemelex Xobeh.
    50 | D        | Found a burning altar of Makhleb.
    50 | D        | Found a blossoming altar of Fedhas.
    50 | D        | Found a white marble altar of Elyvilon.
    50 | D        | Found a shadowy altar of Dithmenos.
    50 | D        | Found a snail-covered altar of Cheibriados.
    58 | D        | Found a radiant altar of Vehumet.
    58 | D        | Found a corrupted altar of Lugonu.
    59 | D        | Found a hide-covered altar of Uskayaw.
    59 | D        | Found an ancient bone altar of Kikubaaqudgha.
    59 | D        | Found a broken altar of Ashenzari.
    64 | D        | Became a worshipper of Warmaster Okawaru
   107 | D        | Reached skill level 1 in Axes
   109 | D        | Reached XP level 2. HP: 22/23 MP: 2/2
   304 | D        | Noticed Menkaure
   312 | D        | Demolished by Menkaure

Illustrated notes

Levels and vault maps discovered:
D:        pitsprint [storerooms_1, entrance_room_1, metal_vault_3, armoury_3,
          mini_pit_1, grid_room_1, main_hall_1, silver_pit, the_coven_3,
          the_vestibule_1, steel_vault_3, golden_pit, hallway_of_sentries,
          crystal_vault_1, iron_vault_1, final_vault]

Skill      XL: |  1 |
---------------+----+-----
Axes           | 1 |  1.3
Fighting       | |  2.5
Bows           | |  4.7
Dodging        | |  2.5
Stealth        | |  1.9

Action                   || total
-------------------------++-------
Melee: Short sword       ||    10
       Hand axe          ||     4
 Fire: Shortbow          ||    14
  Use: Potion            ||     1
Armor: Leather armour    ||     8
Dodge: Dodged            ||    13

Table legend: (Time is in decaauts)
 A = Elapsed time spent in this place.
 B = Non-inter-level travel time spent in this place.
 C = Inter-level travel time spent in this place.
 D = Time resting spent in this place.
 E = Time spent auto-exploring this place.
 F = Levels seen in this place.
 G = Mean time per level.
                   A        B        C        D        E       F      G
               +--------+--------+--------+--------+--------+-----+--------+
         Total |    309 |    309 |      0 |    167 |      0 |   1 |  309.0 |
       Dungeon |    309 |    309 |      0 |    167 |      0 |   1 |  309.0 |
               +--------+--------+--------+--------+--------+-----+--------+

Top non-repeatable levels by time:
       D: 309 daAuts
